 Dungeon Crawl Stone Soup version 0.29.1-1-gd02db6906a (console) character file.

Game seed: 16781520559860115762

74548 erker the Transmogrifier (level 15, -26/122 HPs)
             Began as an Octopode Earth Elementalist on Oct 1, 2022.
             Was an Initiate of Gozag.
             Annihilated by Asterion
             ... wielding a +2 demon trident of venom
              (30 damage)
             ... on level 2 of the Spider Nest on Oct 2, 2022.
             The game lasted 02:57:44 (26494 turns).

erker the Transmogrifier (OpEE)                    Turns: 26494, Time: 02:57:45

Health: -26/122    AC: 10    Str: 14    XL:     15   Next: 47%
Magic:  7/36       EV: 17    Int: 34    God:    Gozag
Gold:   399        SH:  0    Dex: 19    Spells: 2/30 levels left

rFire   . . .      SeeInvis .   a - +6 short sword {vamp, *Noise Int+4 Stlth+}
rCold   + . .      Faith    .   n - orb {guile}
rNeg    + . .      Spirit   .   P - +0 hat
rPois   ∞          Reflect  .   Z - amulet of regeneration
rElec   +          Harm     .   t - ring of protection from cold
rCorr   .          Rampage  .   D - +4 ring of protection
Will    .....                   e - +6 ring of strength Stlth **++++++++
                                Q - ring of Shadows {Umbra +Inv Stlth+}
HPRegen 1.10/turn               N - ring of magical power
MPRegen 0.25/turn               o - ring of poison resistance
                                A - +6 ring of intelligence
                                J - +6 ring of dexterity

@: statue-form, corroded, gold aura, very slightly contaminated, slowed,
wreathed by umbra, very slow
A: slow and powerful, torment resistance 1, boosted hp, almost no armour,
amphibious, 8 rings, camouflage 1, (gelatinous body 1), (nimble swimmer 1),
tentacles
a: End Transformation, Renounce Religion, Evoke Invisibility, Potion Petition,
Call Merchant, Bribe Branch


You were on level 2 of the Spider Nest.
You worshipped Gozag.
Gozag was aware of your devotion.
You were a living statue of rough stone.
You visited 4 branches of the dungeon, and saw 17 of its levels.

You collected 5316 gold pieces.
You spent 1556 gold pieces at shops.
You paid 3361 gold pieces to Gozag.

Inventory:

Hand Weapons
 a - the +6 short sword of Ruination (weapon) {vamp, *Noise Int+4 Stlth+}
   (You found it on level 1 of the Lair of Beasts)

   It occasionally heals its wielder for a portion of the damage dealt when it
   wounds a living foe.
   Int:       It affects your intelligence (+4).
   *Noise:    It may make noises in combat.
   Stlth:     It makes you more stealthy.
 b - a +3 dagger of venom
 B - a +0 rapier of venom
Missiles
 g - 96 poisoned darts (quivered)
 x - 3 throwing nets
 E - 6 curare-tipped darts
 O - 6 javelins
Armour
 n - an orb of guile (worn)
 P - a +0 hat (worn)
Magical Staves
 w - a staff of earth
Jewellery
 d - an amulet of reflection
 e - a +6 ring of strength (on tentacle)
 o - a ring of poison resistance (on tentacle)
 t - a ring of protection from cold (left tentacle)
 A - a +6 ring of intelligence (on tentacle)
 D - a +4 ring of protection (right tentacle)
 H - an amulet of magic regeneration
 J - a +6 ring of dexterity (on tentacle)
 N - a ring of magical power (on tentacle)
 Q - the ring of Shadows (on tentacle) {Umbra +Inv Stlth+}
   (You found it on level 3 of the Lair of Beasts)

   [ring of stealth]

   It surrounds you with an aura of shadow, increasing your stealth and reducing
   the accuracy of all others within it.
   +Inv:      It lets you turn invisible.
   Stlth:     It makes you more stealthy.
 Z - an amulet of regeneration (around mantle)
Wands
 s - a wand of polymorph (12)
 z - a wand of acid (14)
 I - a wand of digging (9)
 K - a wand of mindburst (6)
 M - a wand of flame (6)
Scrolls
 c - 7 scrolls of teleportation
 i - 2 scrolls of amnesia
 q - a scroll of magic mapping
 u - a scroll of silence
 C - a scroll of summoning
 L - a scroll of fog
 S - a scroll of vulnerability
 W - a scroll of immolation
Potions
 f - 7 potions of brilliance
 h - 8 potions of mutation
 k - 3 potions of ambrosia
 l - a potion of cancellation
 m - 3 potions of haste
 p - 4 potions of flight
 r - 2 potions of magic
 v - 3 potions of heal wounds
 y - 7 potions of curing
 F - a potion of attraction
 G - a potion of resistance {unknown}
 V - a potion of invisibility {unknown}
 X - a potion of might {unknown}
Miscellaneous
 j - a lightning rod (2/4)


   Skills:
 - Level 6.0 Fighting
 + Level 7.6 Short Blades
 - Level 6.0 Throwing
 - Level 8.0 Dodging
 + Level 11.9 Stealth
 + Level 3.5 Unarmed Combat
 - Level 8.0 Spellcasting
 + Level 7.6 Conjurations
 * Level 3.0 Necromancy
 - Level 4.0 Translocations
 + Level 14.6 Transmutations
 + Level 9.4 Earth Magic
 + Level 6.5 Evocations


You had 2 spell levels left.
You knew the following spells:

 Your Spells              Type           Power      Damage    Failure   Level
a - Sandblast             Erth           100%       2d20      1%          1
d - Dragon Form           Tmut           42%        N/A       7%          7
i - Irradiate             Conj/Tmut      37%        3d24      1%          5
l - Sublimation of Blood  Necr           34%        N/A       1%          2
p - Petrify               Tmut/Erth      77%        N/A       1%          4
s - Statue Form           Tmut/Erth      51%        N/A       3%          6
w - Passwall              Tmut/Erth      64%        N/A       1%          2
x - Apportation           Tloc           80%        N/A       1%          1

Your spell library contained the following spells:

 Spells                   Type           Power      Damage    Failure   Level
 Necrotise                Necr           100%       1d9       1%          1
 Freeze                   Ice            52%        1d7       3%          1
 Slow                     Hex            52%        N/A       3%          1
 Summon Small Mammal      Summ           52%        N/A       3%          1
 Stone Arrow              Conj/Erth      100%       3d13      1%          3
 Blade Hands              Tmut           42%        N/A       1%          5
 Vampiric Draining        Necr           34%        2d8       2%          3
 Yara's Violent Unravell  Hex/Tmut       29%        3d12      4%          5
 Passage of Golubria      Tloc           40%        N/A       6%          4
 Hailstorm                Conj/Ice       39%        3d9       7%          4
 Confusing Touch          Hex            13%        N/A       10%         3
 Frozen Ramparts          Ice            26%        1d4       10%         3
 Tukima's Dance           Hex            13%        N/A       10%         3
 Anguish                  Hex/Necr       11%        N/A       17%         4
 Summon Forest            Summ/Tloc      13%        N/A       36%         5
 Metabolic Englaciation   Hex/Ice        6%         N/A       65%         5
 Silence                  Hex/Air        6%         N/A       65%         5
 Summon Mana Viper        Hex/Summ       13%        N/A       65%         5
 Summon Cactus Giant      Summ           6%         N/A       99%         6
 Enfeeble                 Hex            6%         N/A       100%        7
 Lehudib's Crystal Spear  Conj/Erth      32%        10d8      100%        8


Dungeon Overview and Level Annotations

Branches:
Dungeon (9/15)             Temple (1/1) D:6            Lair (5/5) D:8
 Shoals (0/4) Lair:3       Spider (2/4) Lair:2        Slime (0/5) Lair:4
    Orc: D:9-12

Altars:
Cheibriados
Dithmenos
Elyvilon
Fedhas
Gozag
Hepliaklqana
Kikubaaqudgha
Makhleb
Okawaru
Qazlal
Sif Muna
Trog
Uskayaw
Vehumet
Wu Jian
Xom
Yredelemnul
Zin
The Shining One

Shops:
D:8 [   D:9 (   Lair:4 ?*   Lair:5 :?

Annotations:
D:7 exclusion: 4 killer bees, Joseph
Lair:5 exclusions: oklob plant and wizard
Spider:2 Asterion


Innate Abilities, Weirdness & Mutations

You are a living statue of rough stone.
Your actions are slow, but your melee attacks are powerful.
You are resistant to unholy torment.
Your maximum health is greatly increased.
You are immune to poison.
You cannot wear most types of armour.
You are amphibious.
You can wear up to eight rings at the same time.
Your skin changes colour to match your surroundings (Stealth+).
((Your rubbery body absorbs attacks. (AC +1, EV +1)))
((You are camouflaged when in or above water. (Stealth+)))
You have tentacles for arms and can constrict up to eight enemies at once.


Message History

You feel a sense of dread.
a - the +6 short sword of Ruination (weapon)
{vamp, *Noise Int+4 Stlth+} The demonic crawler completely misses you.
The demonic crawler hits you but does no damage.
The demonic crawler barely misses you. The redback bites you.
* * * LOW HITPOINT WARNING * * *
The jumping spider leaps!
The cacodemon hits you!
* * * LOW HITPOINT WARNING * * *
The cacodemon closely misses you. The demonic crawler closely misses you.
The demonic crawler barely misses you. x2
The redback bites you but does no damage.
The jumping spider leaps!
You hit the demonic crawler but do no damage.
You squeeze the demonic crawler, but do no damage.
The demonic crawler is lightly wounded.
The cacodemon stops moving altogether!
The redback misses you.
The demonic crawler completely misses you.
The demonic crawler misses you. The demonic crawler closely misses you.
Asterion chants a prayer to Makhleb.
Asterion is caught in a web!
The redback misses you. The demonic crawler hits you.
* * * LOW HITPOINT WARNING * * *
The demonic crawler misses you. x2
The helpless cacodemon fails to defend itself.
You stick the cacodemon like a pincushion!!!!
You tentacle-slap the cacodemon, but do no damage.
You squeeze the cacodemon, but do no damage.
The cacodemon is heavily wounded.
Asterion is no longer moving quickly.
Asterion pulls away from the web.
The redback closely misses you. The demonic crawler hits you.
* * * LOW HITPOINT WARNING * * *
The demonic crawler closely misses you. The demonic crawler misses you.
The redback closely misses you. Asterion closely misses you.
The demonic crawler hits you but does no damage.
The demonic crawler hits you!
* * * LOW HITPOINT WARNING * * *
The demonic crawler closely misses you.
Asterion hits you from afar with a +2 demon trident of venom!!
You die...
Your body crumbles into a pile of gold.

... ##..# . ..
######...# .# .#
...##....<..## .#
.## #~.......##
$.# ...
##...#s.#.# ...#
..##..^....###.!.#
#.#$$$.$$$.~.$..#
...$$...####$..#
#.......Hs8ss.^#
#...#.##.2.....#
###.......°.#..#
####..#...#^...#
####...#.#...
#...###... $ #>.##
~ #...


You could see Asterion, a cacodemon (summoned, petrified, misshapen), a demonic
crawler, a jumping spider and a redback.

Vanquished Creatures
  An entropy weaver (Spider:1)
  A spark wasp (Spider:2)
  8 hydras
  5 boulder beetles
  2 radroaches (Spider:1)
  A catoblepas (Lair:3)
  A two-headed ogre (D:8)
  An alligator (Lair:3)
  13 death yaks
  A fire crab (Lair:3)
  A pharaoh ant (Spider:1)
  Pikel (D:4)
  An oklob plant (Lair:5)
  6 wolf spiders
  25 elephants
  2 moths of wrath (Spider:1)
  8 black mambas
  16 cane toads
  2 torpor snails (Lair:5)
  A demonic crawler (Spider:1)
  A kobold demonologist (D:9)
  15 komodo dragons
  9 rime drakes
  3 polar bears
  A troll (D:9)
  7 tarantellas
  5 blink frogs
  3 dream sheep
  Grinder (D:6)
  Prince Ribbit (D:9)
  A snapping turtle (Lair:3)
  Sigmund (D:4)
  3 jumping spiders
  6 culicivoras
  4 wyverns
  44 yaks
  22 redbacks
  8 basilisks
  A steam dragon (D:8)
  Menkaure (D:4)
  Duvessa (D:6)
  13 water moccasins
  2 orc warriors
  2 black bears
  2 ice beasts (D:6)
  13 wolves
  2 ogres
  2 centaurs
  A lemure (D:4)
  16 kobold brigands
  13 bullfrogs
  A necrophage (D:6)
  7 wights
  Dowan (D:6)
  3 killer bees (D:9)
  The ghost of sentinel the Digger, a weakling MeEE of Ru (D:4)
  3 electric eels
  4 howler monkeys
  2 jellies
  A gnoll bouda (D:5)
  6 orc priests
  Crazy Yiuf (D:4)
  3 hounds
  Terence (D:2)
  Jessica (D:2)
  6 iguanas
  7 orc wizards
  8 gnolls
  6 adders
  2 shadow imps (D:9)
  3 white imps
  3 ufetubi
  2 worms
  2 dart slugs
  26 orcs
  10 endoplasms
  4 giant cockroaches
  9 goblins
  5 hobgoblins
  12 jackals
  46 kobolds
  3 quokkas
  6 ball pythons
  4 bats
  9 frilled lizards
  10 kobold skeletons (D:9)
  8 kobold zombies (D:9)
  3 rats
  A butterfly (Lair:4)
531 creatures vanquished.

Vanquished Creatures (collateral kills)
  A broodmother (Spider:2)
  An entropy weaver (Spider:2)
  A steelbarb worm (Spider:2)
  A wolf spider (Spider:2)
  A torpor snail (Spider:2)
  A tarantella (Spider:2)
  3 redbacks (Spider:2)
9 creatures vanquished.

Vanquished Creatures (others)
  29 fungi
  111 plants
140 creatures vanquished.

Grand Total: 680 creatures vanquished

Notes
Turn   | Place    | Note
-------+----------+-------------------------------------------
     0 | D:1      | erker the Octopode Earth Elementalist began the quest for
                  | the Orb.
     0 | D:1      | Reached XP level 1. HP: 11/11 MP: 3/3
   150 | D:1      | Reached XP level 2. HP: 14/17 MP: 5/5
   507 | D:1      | Reached XP level 3. HP: 8/21 MP: 4/6
  1012 | D:2      | Reached skill level 2 in Transmutations
  1153 | D:2      | Noticed Terence
  1204 | D:1      | Learned a level 2 spell: Passwall
  1228 | D:2      | You fall into a shaft and drop 2 floors!
  1320 | D:4      | Noticed a lemure
  1348 | D:4      | Noticed Menkaure
  1400 | D:4      | Reached XP level 4. HP: 23/27 MP: 7/7
  1405 | D:4      | Learned a level 4 spell: Petrify
  1585 | D:4      | Found a runed translucent door.
  1585 | D:4      | Noticed sentinel's ghost (weakling MeEE)
  1701 | D:4      | Noticed Sigmund
  1812 | D:4      | Noticed a lemure
  1866 | D:4      | Found a white marble altar of Elyvilon.
  2162 | D:4      | Reached skill level 3 in Transmutations
  2162 | D:4      | Reached XP level 5. HP: 26/31 MP: 4/8
  2460 | D:4      | Found a runed translucent door.
  3131 | D:3      | Found an iron altar of Okawaru.
  3590 | D:2      | Noticed Jessica
  3595 | D:2      | Killed Jessica
  4152 | D:2      | Killed Terence
  4153 | D:2      | Reached XP level 6. HP: 36/36 MP: 1/9
  4324 | D:4      | Noticed Pikel
  4460 | D:4      | Killed Menkaure
  4461 | D:4      | Reached skill level 4 in Transmutations
  4461 | D:4      | Reached skill level 5 in Earth Magic
  4748 | D:4      | Killed Sigmund
  4749 | D:4      | Reached skill level 5 in Transmutations
  4749 | D:4      | Reached skill level 1 in Short Blades
  4749 | D:4      | Reached XP level 7. HP: 41/41 MP: 5/10
  4849 | D:5      | Entered Level 5 of the Dungeon
  5369 | D:6      | Found a staircase to the Ecumenical Temple.
  5375 | Temple   | Entered the Ecumenical Temple
  5499 | Temple   | Became a worshipper of Gozag Ym Sagoz the Greedy
  5865 | D:5      | Reached skill level 6 in Transmutations
  5865 | D:5      | Reached XP level 8. HP: 46/46 MP: 3/11
  6099 | D:4      | Found a runed translucent door.
  6269 | D:4      | Noticed Crazy Yiuf
  6512 | D:4      | Killed Pikel
  6513 | D:4      | Reached skill level 7 in Transmutations
  6665 | D:4      | Killed Crazy Yiuf
  6977 | D:4      | Killed sentinel's ghost
  7150 | D:6      | Noticed Duvessa
  7150 | D:6      | Noticed Dowan
  7688 | D:6      | Noticed Grinder
  7743 | D:6      | Reached XP level 9. HP: 51/51 MP: 11/15
  8030 | D:6      | Found an ornate altar of the Wu Jian Council.
  8030 | D:6      | Found a shimmering blue altar of Sif Muna.
  8195 | D:6      | Killed Grinder
  8196 | D:6      | Reached skill level 8 in Transmutations
  8373 | D:6      | Killed Duvessa
  8435 | D:6      | Killed Dowan
  8504 | D:7      | Noticed Joseph
  8572 | D:7      | Found a burning altar of Makhleb.
  8782 | D:7      | Found a basalt altar of Yredelemnul.
  9221 | D:7      | Found a blossoming altar of Fedhas.
  9616 | D:8      | Reached skill level 5 in Stealth
  9792 | D:8      | Found a staircase to the Lair.
  9792 | D:8      | Noticed a death yak
  9792 | D:8      | Noticed a death yak
  9792 | D:8      | Noticed a death yak
 10498 | D:8      | Killed a death yak
 10499 | D:8      | Reached skill level 9 in Transmutations
 10499 | D:8      | Reached XP level 10. HP: 41/56 MP: 6/16
 10825 | D:8      | Killed a death yak
 10826 | D:8      | Reached skill level 10 in Transmutations
 11087 | D:8      | Noticed a two-headed ogre
 11186 | D:8      | Killed a two-headed ogre
 11187 | D:8      | Reached skill level 1 in Fighting
 11370 | D:8      | Killed a death yak
 11457 | D:8      | Reached skill level 5 in Short Blades
 11839 | D:8      | Found Feahoidi's Armour Boutique.
 12131 | D:8      | Reached skill level 5 in Spellcasting
 12289 | D:9      | Noticed Prince Ribbit
 12292 | D:9      | Reached XP level 11. HP: 62/64 MP: 11/18
 12430 | D:9      | Killed Prince Ribbit
 12880 | D:9      | Found Etuzxynne's Antique Weapon Boutique.
 12926 | D:9      | Reached skill level 11 in Transmutations
 14152 | D:9      | Found an ancient bone altar of Kikubaaqudgha.
 14195 | D:9      | Reached skill level 12 in Transmutations
 14372 | D:9      | Found the +7 staff of the Meek {protect, meekguard}
 14561 | Lair:1   | Entered Level 1 of the Lair of Beasts
 14750 | Lair:1   | Reached skill level 1 in Throwing
 15018 | Lair:1   | Identified the +6 short sword of Ruination {vamp, *Noise
                  | Int+4 Stlth+}
 15289 | Lair:1   | Noticed a boulder beetle
 15297 | Lair:1   | Reached skill level 5 in Dodging
 15309 | Lair:1   | Killed a boulder beetle
 15310 | Lair:1   | Reached skill level 1 in Evocations
 15447 | Lair:1   | Reached XP level 12. HP: 49/74 MP: 6/21
 15864 | Lair:2   | Found a hole to the Spider Nest.
 17588 | Lair:3   | Reached skill level 13 in Transmutations
 17590 | Lair:3   | Noticed a four-headed hydra
 18554 | Lair:3   | Noticed an eight-headed hydra
 18572 | Lair:3   | Noticed an alligator
 18585 | Lair:3   | Killed an alligator
 18591 | Lair:3   | Noticed a seven-headed hydra
 19009 | Lair:3   | Learned a level 5 spell: Irradiate
 19053 | Lair:3   | Reached skill level 1 in Conjurations
 19090 | Lair:3   | Noticed a death yak
 19108 | Lair:3   | Killed a death yak
 19136 | Lair:3   | Reached XP level 13. HP: 70/81 MP: 15/22
 19334 | Lair:3   | Reached skill level 5 in Conjurations
 19827 | Lair:3   | Reached skill level 5 in Fighting
 19962 | Lair:3   | Found the ring of Shadows {Umbra +Inv Stlth+}
 20527 | Lair:3   | Found a staircase to the Shoals.
 20823 | Lair:4   | Found a staircase to the Slime Pits.
 21060 | Lair:4   | Reached skill level 10 in Stealth
 21576 | Lair:4   | Reached skill level 14 in Transmutations
 21576 | Lair:4   | Reached XP level 14. HP: 90/90 MP: 10/25
 21867 | Lair:4   | Learned a level 1 spell: Apportation
 22257 | Lair:4   | Bought a potion of curing for 42 gold pieces
 22257 | Lair:4   | Bought a ring of poison resistance for 280 gold pieces
 22298 | Lair:5   | Entered Level 5 of the Lair of Beasts
 22308 | Lair:4   | Reached skill level 1 in Translocations
 22340 | Lair:5   | Found a glowing golden altar of the Shining One.
 23149 | Lair:5   | Reached skill level 5 in Evocations
 23331 | Lair:5   | Reached skill level 5 in Throwing
 24666 | Lair:5   | Bought a scroll of identify for 32 gold pieces
 24666 | Lair:5   | Bought a scroll of identify for 32 gold pieces
 24672 | Lair:5   | Bought a book of Transfigurations for 600 gold pieces
 24688 | Lair:5   | Learned a level 7 spell: Dragon Form
 24690 | Lair:5   | Bought a book of the Wilderness for 570 gold pieces
 24693 | Lair:5   | Learned a level 2 spell: Sublimation of Blood
 24839 | Spider:1 | Entered Level 1 of the Spider Nest
 24849 | Spider:1 | Reached skill level 1 in Unarmed Combat
 24937 | Spider:1 | Learned a level 6 spell: Statue Form
 25043 | Spider:1 | Reached XP level 15. HP: 94/94 MP: 27/27
 25684 | Spider:1 | Reached skill level 1 in Necromancy
 25962 | Spider:1 | Identified the +0 robe "Etem" {+Inv}
 26482 | Spider:2 | Noticed Asterion
 26482 | Spider:2 | Noticed a cacodemon
 26494 | Spider:2 | HP: 4/122 [demonic crawler (12)]
 26494 | Spider:2 | Annihilated by Asterion

Illustrated notes

Levels and vault maps discovered:
D:1:      dpeg_arrival_stonehenge_8_columns, layout_rooms
D:2:      layout_loops_ring, uniq_terence, uniq_jessica
D:3:      layout_basic, mainiacjoe_overflow_alcove_1
D:4:      layout_rooms, mainiacjoe_overflow_24_doors, ebering_ghost_sewer_f,
          uniq_sigmund, uniq_menkaure, uniq_pikel, uniq_crazy_yiuf_cottage
D:5:      layout_basic, lexackson_kobold_supper
D:6:      layout_basic, gammafunk_temple_overflow_statue,
          minmay_temple_entry_fiery, uniq_duvessa, uniq_grinder
D:7:      layout_gridville, fedhas_altar_2, mainiacjoe_overflow_alcove_2,
          bloody_makhleb, uniq_joseph
D:8:      layout_basic, dpeg_lair_monsters, serial_shops, nicolae_stop_n_shop_2,
          st_stairs_12
D:9:      wander_kiku_kobolds, layout_irregular_city, serial_shops, shop,
          minmay_lizard_king, uniq_prince_ribbit1
Temple:   minmay_temple_bridge_abc
Lair:1:   layout_chaotic_city
Lair:2:   layout_long_grid, dummy_spider_entry, hangedman_lair_unloving_vines,
          infiniplex_staircase_pool
Lair:3:   nzn_winding_woodlands_large [nzn_winding_woodlands_5x5_closed_star,
          nzn_winding_woodlands_5x15_sidewinder,
          nzn_winding_woodlands_5x5_cross, nzn_winding_woodlands_center_garden,
          nzn_winding_woodlands_15x15_thick_spiral,
          nzn_winding_woodlands_center_pierced_h,
          nzn_winding_woodlands_5x5_perimeter,
          nzn_winding_woodlands_5x15_jagged,
          nzn_winding_woodlands_5x5_open_star], layout_cave_shapes,
          minmay_shoals_entry_hut
Lair:4:   layout_long_grid, slime_entry_1, beast_lair_carwin_8,
          serial_bayou_shore_b, grunt_megastairs_4, lemuel_fruit_fields
Lair:5:   evil_forest, layout_regular_city, lemuel_oklob_altar,
          serial_bayou_shore_a
Spider:1: layout_chambers, hellmonk_motheaten_closet
Spider:2: layout_spider_delve, uniq_asterion

Skill      XL: |  1  2  3  4  5  6  7  8  9 10 11 12 13 14 15 |
---------------+----------------------------------------------+-----
Stealth        | 3 4 6 8 10 11 | 11.9
Transmutations | 2 3 5 6 7 9 10 12 13 14 | 14.6
Earth Magic    | 4 5 6 7 8 9 |  9.4
Short Blades   | 1 2 4 5 6 7 |  7.6
Spellcasting   | 4 5 6 7 8 |  8.0
Dodging        | 4 5 6 8 |  8.0
Fighting       | 2 3 4 6 |  6.0
Throwing       | 2 4 5 6 |  6.0
Evocations     | 1 4 5 6 |  6.5
Conjurations   | 3 6 7 |  7.6
Translocations | 4 |  4.0
Unarmed Combat | 2 3 |  3.5
Necromancy     | 3 |  3.0

Action                   |  1- 3 |  4- 6 |  7- 9 | 10-12 | 13-15 || total
-------------------------+-------+-------+-------+-------+-------++-------
Melee: Unarmed           |    36 |     6 |       |       |     6 ||    48
       Constrict         |    10 |    17 |    22 |    49 |    63 ||   161
       Tentacles         |    10 |    12 |    26 |    89 |   160 ||   297
       Dagger            |       |    64 |   109 |   281 |   190 ||   644
       Spear             |       |     6 |       |       |       ||     6
       Punch             |       |     1 |     2 |     1 |    13 ||    17
       Staff             |       |       |     3 |    22 |     1 ||    26
       Short sword       |       |       |       |     7 |   292 ||   299
       Tailslap          |       |       |       |       |     2 ||     2
Throw: Dart              |       |     1 |     5 |    12 |     3 ||    21
 Cast: Sandblast         |    34 |    23 |    65 |   129 |    23 ||   274
       Passwall          |     1 |    14 |    25 |     6 |     4 ||    50
       Petrify           |       |     1 |    34 |   107 |   129 ||   271
       Irradiate         |       |       |       |       |    27 ||    27
       Dragon Form       |       |       |       |       |     4 ||     4
       Statue Form       |       |       |       |       |    11 ||    11
       Apportation       |       |       |       |       |     1 ||     1
       Sublimation of Bl |       |       |       |       |     4 ||     4
Invok: Call Merchant     |       |       |       |       |     4 ||     4
 Abil: End Transformatio |       |       |       |       |     3 ||     3
Evoke: Wand              |       |       |       |     2 |     3 ||     5
       Lightning rod     |       |       |       |       |     2 ||     2
  Use: Scroll            |       |       |    11 |    11 |    13 ||    35
       Potion            |       |       |       |       |     2 ||     2
 Stab: Sleeping          |     4 |    13 |     8 |     3 |    11 ||    39
       Petrified         |       |     5 |    68 |   184 |   197 ||   454
       Distracted        |       |     1 |     1 |       |     1 ||     3
       Petrifying        |       |       |     1 |     8 |    21 ||    30
Armor: Skin              |     5 |     4 |     1 |    25 |   248 ||   283
Dodge: Dodged            |    33 |    38 |    46 |   130 |   362 ||   609
Block: Other             |     3 |    16 |    10 |       |       ||    29
       Reflection        |       |       |     1 |     2 |       ||     3
       Orb               |       |       |     6 |    44 |    12 ||    62
